 Dungeon Crawl Stone Soup version 0.18-a0-1273-g8ec5f8e (webtiles) character file.

676 Duffy the Ducker (level 7, -3/41 HPs)
             Began as a Deep Elf Fire Elementalist on Feb 7, 2016.
             Was an Initiate of Vehumet.
             Slain by Pikel
             ... wielding a +1 whip of flaming
              (10 damage)
             ... on level 4 of the Dungeon.
             The game lasted 00:08:27 (5739 turns).

Duffy the Ducker (Deep Elf Fire Elementalist)       Turns: 5739, Time: 00:08:27

Health: -3/41      AC:  5    Str:  5    XL:     7   Next: 33%
Magic:  6/13       EV: 15    Int: 20    God:    Vehumet [......]
Gold:   186        SH:  0    Dex: 17    Spells: 3 memorised, 4 levels left

rFire  . . .     SeeInvis +     C - +1 dagger (venom)
rCold  . . .     Gourm    .     a - +0 robe
rNeg   . . .     Faith    .     (no shield)
rPois  .         Spirit   .     (no helmet)
rElec  .         Dismiss  .     (no cloak)
rCorr  .         Reflect  .     w - +1 pair of gloves
SustAt .         Harm     .     l - +0 pair of boots
MR     .....                    (no amulet)
Stlth  ++........               (no ring)
                                v - ring of see invisible

@: not resistant to hostile enchantments, unstealthy
A: no striking features
a: Renounce Religion


You were on level 4 of the Dungeon.
You worshipped Vehumet.
Vehumet was noncommittal.
You were not hungry.

You visited 2 branches of the dungeon, and saw 5 of its levels.

You collected 186 gold pieces.


   Skills:
 + Level 3.1 Fighting
 + Level 5.1 Dodging
 - Level 2.4 Stealth
 - Level 3.0 Spellcasting
 - Level 5.0 Conjurations
 - Level 5.0 Fire Magic


You had 4 spell levels left.
You knew the following spells:

 Your Spells              Type           Power        Failure   Level  Hunger
a - Flame Tongue          Conj/Fire      ###..        1%          1    None
j - Sticky Flame          Conj/Fire      ###.....     21%         4    ####...
l - Conjure Flame         Conj/Fire      ###.....     8%          3    ###....

Inventory:

Hand Weapons
 C - a +1 dagger of venom (weapon)
Missiles
 d - a throwing net (quivered)
 i - 17 poisoned needles
Armour
 a - a +0 robe (worn)
 l - a +0 pair of boots (worn)
 w - a +1 pair of gloves (worn)
Rods
 D - a +0 rod of ignition (9/9)
Jewellery
 v - a ring of see invisible (left hand)
Scrolls
 e - 5 scrolls of remove curse {unknown}
 f - 3 scrolls of recharging {unknown}
 g - 2 scrolls of magic mapping {unknown}
 k - 6 scrolls of identify {unknown}
 m - 3 scrolls of teleportation {unknown}
 r - a scroll of fog {unknown}
 x - 2 scrolls of enchant weapon {unknown}
 y - a scroll of amnesia {unknown}
 B - a scroll of enchant armour {unknown}
Potions
 j - a potion of ambrosia {unknown}
 n - a potion of lignification {unknown}
 o - a potion of mutation {unknown}
 p - a potion of resistance
 q - a potion of cure mutation {unknown}
 s - a potion of heal wounds
 t - 2 potions of might {unknown}
 u - a potion of berserk rage {unknown}
 z - a potion of invisibility {unknown}
 A - a potion of degeneration {unknown}
Books
 b - a book of Flames
Comestibles
 c - a bread ration
 h - 3 meat rations

Dungeon Overview and Level Annotations

Branches:
Dungeon (4/15)             Temple (1/1) D:4

Altars:
Ashenzari
Cheibriados
Dithmenos
Elyvilon
Gozag
Makhleb
Nemelex Xobeh
Okawaru
Pakellas
Qazlal
Sif Muna
Vehumet
Xom
Yredelemnul
Zin

Annotations:
D:4 Natasha, Pikel


Message History

Natasha stares at you and mumbles some strange words.
The magic dart hits you! Pikel misses you.
Natasha drinks a potion.
Natasha is healed!
Cast which spell? (? or * to list)
Aiming: Sticky Flame
Press: ? - help, Shift-Dir - straight line, f - Pikel
Aim: Pikel, wielding a whip of flaming and wearing a robe The sticky flame hits Pikel.
Pikel is lightly wounded.
Pikel is covered in liquid flames!
Pikel burns!
Pikel hits you with a whip of flaming. Pikel burns you.
Cast which spell? (? or * to list)
Aiming: Flame Tongue
Press: ? - help, Shift-Dir - straight line, f/p - Pikel
Aim: Pikel, wielding a whip of flaming and wearing a robe (lightly wounded, covered in liquid flames)
The flame tongue hits Pikel.
Pikel is moderately wounded.
Pikel burns!
Pikel hits you with a whip of flaming! Pikel burns you.
Cast which spell? (? or * to list)
Aiming: Flame Tongue
Press: ? - help, Shift-Dir - straight line, f/p - Pikel
Aim: Pikel, wielding a whip of flaming and wearing a robe (heavily wounded, covered in liquid flames)
The flame tongue hits Pikel.
Pikel is heavily wounded.
Pikel burns!
Pikel hits you but does no damage.
Natasha mumbles some strange words.
Cast which spell? (? or * to list)
Aiming: Flame Tongue
Press: ? - help, Shift-Dir - straight line, f/p - Pikel
Aim: Pikel, wielding a whip of flaming and wearing a robe (heavily wounded, covered in liquid flames)
The flame tongue hits Pikel.
Pikel is heavily wounded.
Pikel burns!
Pikel hits you with a whip of flaming!
You die...

#.....#.....##.....p#........
#.....'.p...'.....p.#........
#.....#.....###'###'#........
#####.....#.....#.........#####'#
..........#.....#.5.......#.....'
..........#.....#h........#.....#
..........#.<...#pp...)...#.....#
.....###'########Kpp......###..##
######...#......@######.....#####
.........#.......# #.....# #
.........#.......# #.....# #
##########.......# #.....# #
######### #######


You could see Pikel (burning), 4 slaves, Natasha and a white imp.

Action                   |  1- 3 |  4- 6 |  7- 9 || total
-------------------------+-------+-------+-------++-------
Melee: Dagger            |       |     2 |     7 ||     9
 Cast: Flame Tongue      |    62 |   162 |    21 ||   245
       Conjure Flame     |     1 |    10 |     3 ||    14
       Sticky Flame      |       |     1 |     1 ||     2
  Eat: Chunk             |     3 |     9 |       ||    12
       Meat ration       |       |       |     1 ||     1

Notes
Turn   | Place    | Note
--------------------------------------------------------------
     0 | D:1      | Duffy the Deep Elf Fire Elementalist began the quest for the Orb.
     0 | D:1      | Reached XP level 1. HP: 10/10 MP: 6/6
   186 | D:1      | Reached skill level 2 in Conjurations
   283 | D:1      | Reached XP level 2. HP: 15/15 MP: 6/8
  1229 | D:2      | Reached skill level 3 in Conjurations
  1309 | D:2      | Reached XP level 3. HP: 19/19 MP: 1/9
  1331 | D:2      | Learned a level 3 spell: Conjure Flame
  1973 | D:2      | Reached XP level 4. HP: 24/24 MP: 8/10
  1979 | D:2      | Learned a level 4 spell: Sticky Flame
  2039 | D:2      | Reached skill level 4 in Conjurations
  2404 | D:3      | Reached skill level 4 in Fire Magic
  2608 | D:3      | Reached XP level 5. HP: 23/28 MP: 3/11
  2818 | D:3      | Found a shimmering altar of Xom.
  2820 | D:3      | Noticed an angel
  2873 | D:3      | Found a glowing silver altar of Zin.
  3103 | D:3      | Reached skill level 5 in Conjurations
  3390 | D:3      | Reached skill level 5 in Fire Magic
  3680 | D:3      | Reached XP level 6. HP: 33/33 MP: 2/12
  3683 | D:3      | Reached skill level 1 in Fighting
  3998 | D:4      | Found a staircase to the Ecumenical Temple.
  4007 | Temple   | Entered the Ecumenical Temple
  4058 | Temple   | Became a worshipper of Vehumet
  4112 | D:4      | Reached skill level 3 in Dodging
  4351 | D:4      | Reached skill level 2 in Fighting
  4443 | D:4      | Reached skill level 4 in Dodging
  4579 | D:4      | Noticed Edmund
  4635 | D:4      | Killed Edmund
  4635 | D:4      | Reached XP level 7. HP: 33/40 MP: 1/13
  4750 | D:4      | Reached skill level 5 in Dodging
  4974 | D:4      | Noticed Pikel
  5342 | D:4      | Noticed Natasha
  5353 | D:4      | Killed Natasha
  5353 | D:4      | Reached skill level 3 in Fighting
  5703 | D:4      | Noticed Natasha
  5739 | D:4      | Slain by Pikel

Vault maps used:
D:1:      minmay_arrival_doors, moated_statue, minmay_misc_feat_doors,
          grunt_decor_clamped
D:3:      grunt_temple_overflow_order_and_chaos_1, serial_undead,
          serial_undead_d, serial_undead_f, serial_undead_a, serial_undead_c
D:4:      temple_hall, minmay_surrounded, uniq_edmund, uniq_natasha, uniq_pikel
Temple:   circular_temple_13

Vanquished Creatures
  Edmund
  A phantom
  A centaur zombie
  A hound
  3 orc wizards Natasha
  2 worker ants
  A worker ant zombie
  5 adders
  8 gnolls
  An adder zombie
  5 adder skeletons
  A worm
  4 giant geckos
  15 orcs
  2 ball pythons
  4 giant cockroaches
  5 goblins
  6 hobgoblins
  4 jackals
  A quokka
  7 bats
  3 giant newts
  5 kobolds
  A quokka skeleton
  A quokka zombie
  11 rats
100 creatures vanquished.
